AoeStats
← modeelpapi

Arena

509219410Analyzed
1v1 RM · 6d ago on Sep 25, 2026· 24m 8s· 2 players
Game mode
Random Map
Map size
Tiny (2 player)
Population
200
Speed
Normal
Resources
Standard
Victory
Conquest
Starting age
Dark Age
Ending age
Imperial Age
RankedLock teamsTeams togetherTeam positionsShared explorationLock speedFull tech treeHidden civsTurbo modeCheats
Victory
Defeat
🇨🇱 Ethiopians · Chile
996
+16
🇩🇰 Spanish · Denmark
1000
-48
gjdelcam
8:52 Feudal Age
9:40 Double-Bit Axe
15:24 Castle Age
13:55 Gold Mining
16:20 Bow Saw
18:00 Crossbowman
19:48 Ballistics
20:40 Gold Shaft Mining
20:19 Fletching
22:10 Bodkin Arrow
24:02 Thumb Ring
modeelpapi
9:41 Feudal Age
15:25 Castle Age
14:34 Double-Bit Axe
14:47 Gold Mining
21:52 Loom
Connection lost

Rejoining the realm…

Still unreachable

The connection could not be restored.

Session expired

The server has moved on; the page needs a fresh start.